cohdb
Replays
Latest Replays
All Replays
Popular Replays
Top Player Replays
Match Explorer
How It Works
Community
CoH3 Stats
Reddit
Sign in to upload your games and track your stats! →
Sign in with Steam
Match 41873773
Unlisted
Match 41873773
Overview
Messages
Build Orders
End
Construct Barracks
Selects Heavy Weapons
1⁄4-ton 4x4 Truck
Riflemen Squad
M1 Mortar Team
Riflemen Squad
Engineer Squad
Riflemen Squad
Grenade Package
Infantry Support Center
Selects Assault Carriers
Advanced Logistics
Riflemen Squad
Construct Medical Station
Construct Tank Depot
Selects Exchangeable Parts
Selects Towed M5 3-inch Anti-tank Gun
Towed M5 3-inch Anti-tank Gun
Towed M5 3-inch Anti-tank Gun
Selects M2HB .50cal Heavy Machine Gun
M1918 Browning Automatic Rifles
Engineer Squad
M4(105) Sherman Bulldozer
Towed M5 3-inch Anti-tank Gun
Riflemen Squad
battle_pangolin
hanswurstmagschinken
Saueee
Salis
0
0
Comments
sign in to comment!
No comments posted yet!